 Dungeon Crawl Stone Soup version 0.29.1-13-g9f3cf754e1 (webtiles) character file.

Game seed: 8645381465207199328

134 javelincjr the Magician (level 5, -1/36 HPs)
             Began as a Djinni Hedge Wizard on Feb 7, 2023.
             Was a Follower of Okawaru.
             Killed by divine providence
             ... invoked by an orc priest
              (11 damage)
             ... on level 4 of the Dungeon.
             The game lasted 00:09:13 (3733 turns).

javelincjr the Magician (Djinni Hedge Wizard)       Turns: 3733, Time: 00:09:13

Health: -1/36      AC:  3    Str: 11    XL:     5   Next: 40%
Gold:   200        EV: 12    Int: 15    God:    Okawaru [*.....] SH:  0 Dex: 13

rFire   + + +      SeeInvis .   m - +2 dagger (speed)
rCold   x x .      Faith    .   (no shield)
rNeg    . . .      Spirit   .   b - +0 robe
rPois   ∞          Reflect  .   c - +0 hat
rElec   .          Harm     .   (no cloak)
rCorr   .          Rampage  .   k - +0 pair of gloves
Will    .....                   (boots unavailable)
Stlth   ++........              (no amulet)
HPRegen 0.12/turn               g - ring of fire
MPRegen 0.00/turn               (no ring)

@: flying
A: sickness immunity, fire resistance 2, cold vulnerability 1, float, innate
caster, HP casting, extra vitality 1
a: Renounce Religion, Heroism


You were on level 4 of the Dungeon.
You worshipped Okawaru.
Okawaru was aware of your devotion.
You visited 1 branch of the dungeon, and saw 4 of its levels.

You collected 200 gold pieces.

Inventory:

Hand Weapons
 m - a +2 dagger of speed (weapon)
Missiles
 l - 4 poisoned darts
Armour
 b - a +0 robe (worn)
 c - a +0 hat (worn)
 k - a +0 pair of gloves (worn)
Jewellery
 g - a ring of fire (left hand)
Wands
 u - a wand of flame (17)
Scrolls
 a - a scroll of blinking {unknown}
 f - a scroll of teleportation {unknown}
 h - 6 scrolls of identify {unknown}
 j - a scroll of enchant weapon {unknown}
 q - a scroll of poison {unknown}
 r - a scroll of fear {unknown}
 v - a scroll of immolation {unknown}
Potions
 d - a potion of attraction {unknown}
 e - a potion of degeneration {unknown}
 i - a potion of cancellation {unknown}
 n - a potion of curing
 o - 2 potions of mutation {unknown}
 p - a potion of berserk rage {unknown}
 s - 2 potions of heal wounds {unknown}
 t - a potion of lignification {unknown}


   Skills:
 + Level 0.7 Fighting
 + Level 1.0 Short Blades
 + Level 2.6 Dodging
 + Level 2.4 Stealth
 + Level 3.6 Spellcasting


You couldn't memorise any spells.
You knew the following spells:

 Your Spells              Type           Power      Damage    Failure   Level
a - Magic Dart            Conj           52%        1d5       4%          1
b - Blink                 Tloc           26%        N/A       6%          2
c - Call Imp              Summ           13%        N/A       6%          2
d - Slow                  Hex            52%        N/A       4%          1
e - Conjure Flame         Conj/Fire      20%        6-21      12%         3
f - Mephitic Cloud        Conj/Pois/Air  13%        N/A       12%         3
g - Foxfire               Conj/Fire      80%        2x1d8     4%          1
h - Searing Ray           Conj           26%        2d5       6%          2
Your spell library was empty.

Dungeon Overview and Level Annotations

Branches:
Dungeon (4/15)
 Temple: D:4-7

Altars:
Makhleb
Okawaru
Zin


Innate Abilities, Weirdness & Mutations

You are immune to sickness and miasma.
You are immune to poison.
Your flesh is very heat resistant. (rF++)
You are vulnerable to cold. (rC-)
You float through the air rather than walking.
You learn spells naturally, not from books.
Your magical power is your life essence.
You have superior vitality. (+4 MHP)


Message History

You are too injured to fight recklessly!
You are too injured to fight recklessly!
You hit the orc.
The orc is heavily wounded.
The foxfire hits the orc.
The orc is almost dead.
The foxfire hits the orc.
You kill the orc!
Okawaru accepts your kill.
You are too injured to fight recklessly!
Casting: Foxfire (safe; 4% risk of failure)
Press: ? - help, Q - select action, (/) - cycle Dir - look around, f - activate You feel a surge of power!
You conjure some foxfire!
* * * LOW HITPOINT WARNING * * *
The foxfire hits the orc priest.
The orc priest is moderately wounded.
Casting: Foxfire (safe; 4% risk of failure)
Press: ? - help, Q - select action, (/) - cycle Dir - look around, f - activate
Okay, then.
You hit the orc priest.
The orc priest is heavily wounded.
The foxfire hits the orc priest.
The orc priest is severely wounded.
Casting: Foxfire (safe; 4% risk of failure)
Press: ? - help, Q - select action, (/) - cycle Dir - look around, f - activate You feel a surge of power!
You conjure some foxfire!
* * * LOW HITPOINT WARNING * * *
The orc priest hits you with a +0 dagger.
* * * LOW HITPOINT WARNING * * *
The foxfire hits the orc priest.
The orc priest is moderately wounded.
Your foxfire dissipates!
The orc priest attacks as you move away!
The orc priest completely misses you.
The orc priest calls upon Beogh to heal the orc priest.
The orc priest is healed somewhat.
It was a potion of curing.
You feel better.
The orc priest invokes the aid of Beogh against you.
Beogh smites you!
You die...

#####
##._$#########
#$8$8.#>.....#
#$....#.#
#.8.8$#.#
###...##.# #.
#'# #.#
#.##o###.####.#
#.@o..........#
########.######
#.# #.# #.# #.#
#.# #.# #.#


You could see 2 orc priests.

Vanquished Creatures
  An orc wizard (D:3)
  5 adders
  A worm (D:2)
  5 orcs
  5 ball pythons
  9 endoplasms
  3 giant cockroaches
  5 hobgoblins
  2 quokkas (D:1)
  4 bats
  7 frilled lizards
  2 goblins
  3 kobolds
  4 rats
56 creatures vanquished.

Vanquished Creatures (others)
  89 foxfires
89 creatures vanquished.

Grand Total: 145 creatures vanquished

Notes
Turn   | Place    | Note
-------+----------+-------------------------------------------
     0 | D:1      | javelincjr the Djinni Hedge Wizard began the quest for the
                  | Orb.
     0 | D:1      | javelincjr set off with the following spells memorised:
                  | Magic Dart, Blink, Call Imp, Slow, Conjure Flame, Mephitic
                  | Cloud.
     0 | D:1      | Reached XP level 1. HP: 15/15 MP: 0/0
   509 | D:1      | Reached XP level 2. HP: 20/21 MP: 0/0
   646 | D:1      | Found a faded altar of an unknown god.
   697 | D:1      | Prayed at the altar of an unknown god.
   697 | D:1      | Became a worshipper of Warmaster Okawaru
   697 | D:1      | Reached * piety under Okawaru
  1202 | D:1      | Reached skill level 3 in Spellcasting
  1265 | D:1      | Reached XP level 3. HP: 19/25 MP: 0/0
  1265 | D:1      | Learned a level 1 spell: Foxfire
  1976 | D:2      | Reached XP level 4. HP: 14/31 MP: 0/0
  3015 | D:3      | Found a burning altar of Makhleb.
  3020 | D:3      | Found a glowing silver altar of Zin.
  3020 | D:3      | Noticed an angel
  3021 | D:3      | Noticed a balrug
  3255 | D:3      | Reached skill level 1 in Short Blades
  3255 | D:3      | Reached XP level 5. HP: 20/36 MP: 0/0
  3255 | D:3      | Learned a level 2 spell: Searing Ray
  3733 | D:4      | Killed from afar by an orc priest

Illustrated notes

Levels and vault maps discovered:
D:1:      kilobyte_arrival_exit_the_forest, layout_loops_corners,
          shapermc_ecumenical_altar_totnotflames
D:2:      minmay_recursive_quarters, layout_basic
D:3:      layout_basic, grunt_temple_overflow_order_and_chaos_2
D:4:      layout_basic, kennysheep_orc_chapel

Skill      XL: |  1  2  3  4 |
---------------+-------------+-----
Spellcasting   | 3 |  3.6
Stealth        | 2 |  2.4
Short Blades   | 1 |  1.0
Fighting       | |  0.7
Dodging        | |  2.6

Action                   |  1- 3 |  4- 6 || total
-------------------------+-------+-------++-------
Melee: Dagger            |    64 |    23 ||    87
 Cast: Magic Dart        |    51 |       ||    51
       Foxfire           |     1 |    52 ||    53
  Use: Potion            |       |     1 ||     1
 Stab: Sleeping          |     1 |     2 ||     3
Armor: Robe              |    11 |     3 ||    14
Dodge: Dodged            |    24 |    11 ||    35
